 Dungeon Crawl Stone Soup version 0.16-a0-1816-g2c93a98 (webtiles) character file.

493 timbw the Cudgeler (level 6, -2/55 HPs)
             Began as a Troll Hunter on Nov 3, 2014.
             Slain by Joseph
             ... wielding a +0 quarterstaff
              (5 damage)
             ... on level 8 of the Dungeon.
             The game lasted 00:06:21 (1349 turns).

timbw the Cudgeler (Troll Hunter)                   Turns: 1349, Time: 00:06:21

Health: -2/55      AC:  5    Str: 21      XL:     6   Next: 92%
Magic:  3/3        EV:  9    Int: 12      God:
Gold:   123        SH:  0    Dex:  2 (12) Spells: 0 memorised, 5 levels left

rFire  . . .     SeeInvis .     k - +0 dire flail
rCold  . . .     Clarity  .     d - +0 animal skin
rNeg   . . .     SustAb   .     (shield restricted)
rPois  .         Gourm    +     (helmet restricted)
rElec  .         Spirit   .     (no cloak)
rCorr  .         Warding  .     (gloves unavailable)
rMut   .         Stasis   .     (boots unavailable)
MR     .....                    (no amulet)
Stlth  +.........               (no ring)
                                (no ring)

@: brilliant, not resistant to hostile enchantments, very unstealthy
A: unfitting armour, claws 3, fast metabolism 3, gourmand, regeneration 2,
shaggy fur 1, tough skin 2
a: no special abilities


You were on level 8 of the Dungeon.
You were hungry.

You visited 1 branch of the dungeon, and saw 8 of its levels.

You collected 123 gold pieces.

Inventory:

Hand weapons
 k - a +0 dire flail (weapon)
 m - a +0 blowgun
Missiles
 c - 2 throwing nets (quivered)
 n - 12 poisoned needles
Armour
 d - a +0 animal skin (worn)
Magical devices
 o - a wand of flame (19)
Scrolls
 g - a scroll of identify
 p - 2 scrolls of remove curse {unknown}
Comestibles
 a - 2 meat rations
 j - 2 chunks of flesh
 l - a slice of pizza


   Skills:
 - Level 1.5 Fighting
 + Level 4.5 Maces & Flails
 - Level 3.6 Throwing
 - Level 4.4 Dodging
 - Level 0.4 Stealth


You had 5 spell levels left.
You didn't know any spells.

Dungeon Overview and Level Annotations

Branches:
Dungeon (8/15)
 Temple: D:4-7         Lair: D:8-11

Altars:
Cheibriados
Fedhas
Xom

Annotations:
D:5 Grinder
D:8 Joseph


Innate Abilities, Weirdness & Mutations

You are too large for most types of armour.
You have claws for hands.
Your metabolism is lightning-fast.
You like to eat raw meat.
You heal very quickly.
You are covered in fur (AC +1).
You have very tough skin (AC +2).


Message History

Joseph hits you with an uncursed quarterstaff.
* * * LOW HITPOINT WARNING * * *
Drink which item? (? for menu, Esc to quit)
You feel better.
You hit Joseph.
Joseph is severely wounded.
Joseph hits you with an uncursed quarterstaff!
* * * LOW HITPOINT WARNING * * *
You hit Joseph but do no damage.
Joseph is severely wounded.
Joseph hits you with an uncursed quarterstaff.
* * * LOW HITPOINT WARNING * * *
You hit Joseph but do no damage.
Joseph is severely wounded.
Joseph hits you with an uncursed quarterstaff.
* * * LOW HITPOINT WARNING * * *
You hit Joseph.
Joseph is almost dead.
Joseph hits you with an uncursed quarterstaff.
You die...

# #.....# ..
+.....# #.
#+#.....# #.
#.#.....# ..
..+.....# #. #.
#.#.....#
#..##.##.#.....#
#....@#..#...<.#
+.....@..'.....#
#+###.##.#.....#
#. #.#.....# +.
+.+.....# ##
#+#.....#
......# ..######
. .


You could see Joseph.

Vanquished Creatures
  A phantom (D:3)
  The ghost of timbw the Chucker, an average TrHu (D:4)
  3 hounds
  A quasit (D:7)
  2 orc wizards
  2 orc priests
  Ijyb (D:3)
  3 adders
  A worm (D:2)
  2 giant geckos (D:3)
  7 orcs
  A ball python (D:3)
  A giant cockroach (D:3)
  2 hobgoblins
  3 jackals (D:3)
  4 kobolds
  A bat (D:3)
  5 goblins (D:3)
  A quokka (D:4)
  2 rats
44 creatures vanquished.

Notes
Turn   | Place    | Note
--------------------------------------------------------------
     0 | D:1      | timbw, the Troll Hunter, began the quest for the Orb.
     0 | D:1      | Reached XP level 1. HP: 19/19 MP: 1/1
   141 | D:2      | Reached XP level 2. HP: 27/27 MP: 1/1
   227 | D:3      | Noticed a phantom
   239 | D:3      | Killed a phantom
   239 | D:3      | Reached skill level 4 in Dodging
   239 | D:3      | Reached XP level 3. HP: 17/33 MP: 2/2
   239 | D:3      | Reached XP level 4. HP: 21/41 MP: 2/2
   298 | D:3      | Found a blossoming altar of Fedhas.
   298 | D:3      | Found a snail-covered altar of Cheibriados.
   406 | D:3      | Noticed Ijyb
   421 | D:3      | Killed Ijyb
   421 | D:3      | Reached XP level 5. HP: 48/48 MP: 2/2
   527 | D:3      | Reached skill level 1 in Maces & Flails
   855 | D:4      | Noticed timbw's ghost (average TrHu)
   879 | D:4      | Killed timbw's ghost
   879 | D:4      | Reached XP level 6. HP: 34/55 MP: 3/3
   995 | D:5      | Entered Level 5 of the Dungeon
  1042 | D:6      | Found a shimmering altar of Xom.
  1074 | D:5      | Noticed Grinder
  1078 | D:5      | Paralysed by Grinder for 5 turns
  1324 | D:8      | Noticed Joseph
  1348 | D:8      | HP: 2/55 [Joseph/uncursed quarterstaff (5)]
  1349 | D:8      | Slain by Joseph

Action                   |  1- 3 |  4- 6 || total
-------------------------+-------+-------++-------
Melee: Unarmed           |    19 |   118 ||   137
       Dire flail        |       |    89 ||    89
Throw: Large rock        |     5 |    14 ||    19
       Throwing net      |       |     2 ||     2
  Use: Scroll            |       |     5 ||     5
       Potion            |       |     6 ||     6
  Eat: Chunk             |       |     9 ||     9
